 Dungeon Crawl Stone Soup version 0.18-a0-1358-gd0e7041 (webtiles) character file.

711 KarvaRausku the Firebug (level 7, 0/75 HPs)
             Began as a Demonspawn Fire Elementalist on Feb 19, 2016.
             Slain by a slave (6 damage)
             ... led by Pikel
             ... on level 5 of the Dungeon on Feb 20, 2016.
             The game lasted 00:36:15 (6321 turns).

KarvaRausku the Firebug (DsFE)                      Turns: 6321, Time: 00:36:15

Health: 0/75       AC:  5    Str: 11 (13) XL:     7   Next: 40%
Magic:  9/13       EV: 11    Int: 16 (18) God:
Gold:   292        SH:  0    Dex: 11 (14) Spells: 3 memorised, 6 levels left

rFire  . . .     SeeInvis .     D - +0 trident (venom)
rCold  . . .     Gourm    .     t - +0 robe
rNeg   . . .     Faith    .     (no shield)
rPois  .         Spirit   .     v - +0 helmet
rElec  .         Dismiss  .     d - +1 cloak
rCorr  .         Reflect  .     (no gloves)
SustAt .         Harm     .     (no boots)
MR     .....                    l - amulet of inaccuracy (curse)
Stlth  ..........               r - ring of flight
                                e - -2 ring of evasion (curse)

@: berserking, very quick, not resistant to hostile enchantments, extremely
unstealthy
A: powered by death 1, powered by pain 1
a: Evoke Flight


You were on level 5 of the Dungeon.
You were not hungry.

You visited 1 branch of the dungeon, and saw 5 of its levels.
You also visited: Ossuary.

You collected 292 gold pieces.

Inventory:

Hand Weapons
 j - a +0 club
 o - a +4 hunting sling
 D - a +0 trident of venom (weapon)
Missiles
 p - 105 stones (quivered)
Armour
 a - a +0 robe
 d - a +1 cloak (worn)
 t - a +0 robe (worn)
 v - a +0 helmet (worn)
 w - a +0 leather armour
Jewellery
 e - a cursed -2 ring of evasion (left hand)
 l - a cursed amulet of inaccuracy (around neck)
 r - a ring of flight (right hand)
 E - a cursed +3 ring of intelligence {unknown}
Scrolls
 f - 4 scrolls of identify
 i - 2 scrolls of fear
 k - 2 scrolls of immolation
 x - a scroll of enchant armour
 y - 4 scrolls of teleportation
Potions
 g - 3 potions of lignification
 m - a potion of cure mutation
 n - 3 potions of ambrosia
 s - a potion of heal wounds {unknown}
 u - 2 potions of degeneration
 z - a potion of flight
Books
 b - a book of Flames

   Spells                             Type                      Level
   a - Flame Tongue                   Conjuration/Fire             1
   b - Throw Flame                    Conjuration/Fire             2
   c - Conjure Flame                  Conjuration/Fire             3
   d - Inner Flame                    Hexes/Fire                   3
   e - Sticky Flame                   Conjuration/Fire             4
   f - Fireball                       Conjuration/Fire             5
Comestibles
 c - 2 bread rations
 h - 3 fruits
 q - 5 meat rations


   Skills:
 + Level 2.2 Fighting
 + Level 1.0 Polearms
 + Level 3.4 Dodging
 - Level 1.7 Stealth
 - Level 1.1 Unarmed Combat
 * Level 4.3 Spellcasting
 + Level 2.6 Conjurations
 * Level 4.6 Fire Magic


You had 6 spell levels left.
You knew the following spells:

 Your Spells              Type           Power        Failure   Level  Hunger
a - Flame Tongue          Conj/Fire      ###..        4%          1    None
b - Throw Flame           Conj/Fire      ###...       8%          2    ##.....
c - Fireball              Conj/Fire      ###.......   91%         5    ######.


Dungeon Overview and Level Annotations

Branches:
Dungeon (5/15)
 Temple: D:4-7

Altars:
Dithmenos
Fedhas
Kikubaaqudgha

Annotations:
D:5 Dowan, Duvessa, Pikel


Innate Abilities, Weirdness & Mutations

You regenerate a little health from kills.
You sometimes gain a little power by taking damage.


Message History

It was a potion of curing.
You feel better. The slave hits you!
* * * LOW HITPOINT WARNING * * *
Drink which item? (? for menu, Esc to quit)
It was a potion of berserk rage.
A red film seems to cover your vision as you go berserk!
You feel yourself moving faster!
You feel mighty! The slave barely misses you.
You closely miss the slave.
The slave is heavily wounded.
The slave barely misses you.
You closely miss the slave.
The slave is heavily wounded.
The slave hits you.
* * * LOW HITPOINT WARNING * * *
You miss the slave.
The slave is heavily wounded.
The slave barely misses you.
You closely miss the slave.
The slave is heavily wounded.
The slave hits you.
You die...

#....#
#....#..##...
#.#..#
#........#.#
#..#.#
#....###...
##..#.# ...%..#
#..# #...#.#
#.#...## p.#
##.#.#.##
##...... ..#
#..#.#..##....#
#<#.....p....#
##........@..##
#....<.......#
...............#
.....#.........#
######.........#
###########


You could see a slave.

Vanquished Creatures
  2 slaves (D:4)
  A phantom (D:3)
  2 elf zombies (Ossuary)
  A human zombie (Ossuary)
  A centaur skeleton (D:4)
  3 hounds
  2 orc wizards (D:4)
  A worker ant (D:3)
  A big kobold zombie (Ossuary)
  A hound skeleton (D:4)
  2 mummies (Ossuary)
  6 adders
  4 gnolls
  An ooze (D:2)
  An adder skeleton (D:4)
  An adder zombie (Ossuary)
  2 worms
  2 giant geckos (D:3)
  10 orcs
  A bat (D:3)
  2 giant cockroaches
  6 goblins
  10 hobgoblins
  A quokka (D:1)
  7 giant newts
  A goblin zombie (Ossuary)
  11 hobgoblin zombies (Ossuary)
  2 jackal zombies (Ossuary)
  6 kobolds
  8 kobold zombies (Ossuary)
  8 orc zombies (Ossuary)
  8 rats
  2 rat zombies (Ossuary)
117 creatures vanquished.

Notes
Turn   | Place    | Note
--------------------------------------------------------------
     0 | D:1      | KarvaRausku the Demonspawn Fire Elementalist began the quest for the Orb.
     0 | D:1      | Reached XP level 1. HP: 13/13 MP: 3/3
   286 | D:1      | Gained mutation: You sometimes gain a little power by taking damage. [demonic ancestry]
   286 | D:1      | Reached XP level 2. HP: 19/19 MP: 3/5
  1200 | D:2      | Learned a level 2 spell: Throw Flame
  1222 | D:1      | Reached skill level 3 in Fire Magic
  1222 | D:1      | Reached XP level 3. HP: 18/25 MP: 0/6
  1374 | D:2      | Reached skill level 1 in Fighting
  1621 | D:2      | Found a shadowy altar of Dithmenos.
  1936 | D:2      | Reached XP level 4. HP: 32/32 MP: 0/7
  1954 | D:2      | Found an ancient bone altar of Kikubaaqudgha.
  2274 | D:3      | Noticed a phantom
  2288 | D:2      | Upgraded the game from 0.18-a0-1353-gf2a912f to 0.18-a0-1358-gd0e7041
  2341 | D:3      | Killed a phantom
  2341 | D:3      | Reached skill level 1 in Unarmed Combat
  2341 | D:3      | Reached XP level 5. HP: 26/38 MP: 0/9
  2685 | D:3      | Learned a level 5 spell: Fireball
  3245 | D:3      | Found a blossoming altar of Fedhas.
  3562 | D:3      | Gained mutation: You regenerate a little health from kills. [demonic ancestry]
  3562 | D:3      | Reached XP level 6. HP: 12/44 MP: 8/11
  3974 | D:3      | Reached skill level 4 in Fire Magic
  4681 | D:5      | Entered Level 5 of the Dungeon
  4715 | D:5      | Noticed a slave
  4716 | D:5      | Noticed a slave
  4769 | D:4      | Killed a slave
  5013 | D:4      | Killed a slave
  5103 | D:5      | Noticed a slave
  5104 | D:5      | Noticed a slave
  5104 | D:5      | Noticed Pikel
  5161 | D:5      | Found a sand-covered staircase.
  5170 | Ossuary  | Entered an ossuary
  5536 | Ossuary  | Reached XP level 7. HP: 24/49 MP: 2/13
  5647 | Ossuary  | Reached skill level 1 in Polearms
  5903 | D:5      | Noticed Dowan
  6282 | D:5      | Noticed Duvessa
  6321 | D:5      | Slain by a slave

Vault maps used:
D:1:      roderic_crossed_star
D:2:      lemuel_crystal_altar, overflow_temple_1_default, first_bread,
          st_stairs_4, minmay_statues_item, minivault_4
D:3:      fedhas_altar_4
D:5:      lightli_ossuary_entry_decrepit_ruins, kennysheep_generic_room_7,
          uniq_pikel, uniq_duvessa, uniq_menkaure
Ossuary:  ossuary_tomb_1

Action                   |  1- 3 |  4- 6 |  7- 9 || total
-------------------------+-------+-------+-------++-------
Melee: Unarmed           |    16 |    10 |       ||    26
       Trident           |       |   126 |    81 ||   207
 Cast: Flame Tongue      |    74 |   175 |    29 ||   278
       Throw Flame       |     3 |     8 |     9 ||    20
  Use: Scroll            |     5 |     4 |     1 ||    10
       Potion            |     2 |     1 |     4 ||     7
 Stab: Sleeping          |       |     1 |       ||     1
  Eat: Chunk             |     3 |     5 |     1 ||     9
       Meat ration       |       |     1 |     1 ||     2
       Pizza             |       |     1 |       ||     1
       Beef jerky        |       |     1 |       ||     1
